 Dungeon Crawl Stone Soup version 0.30-a0-782-ge64f9170bb (webtiles) character file.

Game seed: 452804781828108043

71 Jane the Slasher (level 4, 0/37 HPs)
             Began as a Ghoul Gladiator on Feb 23, 2023.
             Was an Initiate of Nemelex Xobeh.
             Slain by a gnoll
             ... wielding a +0 flail
              (4 damage)
             ... on level 2 of the Dungeon.
             The game lasted 00:11:08 (1191 turns).

Jane the Slasher (Ghoul Gladiator)                  Turns: 1191, Time: 00:11:08

Health: 0/37       AC:  4    Str: 17    XL:     4   Next: 24%
Magic:  3/3        EV: 12    Int:  3    God:    Nemelex Xobeh [......]
Gold:   79         SH:  0    Dex: 12    Spells: 3/3 levels left

rFire   . . .      SeeInvis .    g - +0 hand axe (flame)
rCold   + . .      Faith    .    (no shield)
rNeg    + + +      Spirit   .    b - +0 leather armour
rPois   ∞          Reflect  .    c - +0 helmet
rElec   .          Harm     .    (no cloak)
rCorr   .          Rampage  .    (no gloves)
Will    .....                    (no boots)
Stlth   +                        n - amulet of magic regeneration
HPRegen 0.00/turn                (no ring)
MPRegen 0.48/turn                (no ring)

@: inhibited regen
A: claws 1, cold resistance 1, negative energy resistance 3, inhibited
regeneration, torment resistance 2, devour on kill
a: Renounce Religion, Draw Escape, Draw Destruction, Draw Summoning


You were on level 2 of the Dungeon.
You worshipped Nemelex Xobeh.
Nemelex Xobeh was noncommittal.
You visited 1 branch of the dungeon, and saw 2 of its levels.

You collected 79 gold pieces.

Inventory:

Hand Weapons
 a - a +0 long sword
 g - a +0 hand axe of flaming (weapon)
 j - a +2 dagger of venom
Missiles
 d - 3 throwing nets (quivered)
 e - a javelin
Armour
 b - a +0 leather armour (worn)
 c - a +0 helmet (worn)
Jewellery
 n - an amulet of magic regeneration (around neck)
Scrolls
 f - a scroll of identify
 h - a scroll of torment
 i - a scroll of teleportation
Potions
 k - a potion of haste
 l - a potion of heal wounds
 m - a potion of might


   Skills:
 + Level 2.5 Fighting
 - Level 3.5 Long Blades
 * Level 0.3 Axes
 - Level 1.8 Throwing
 + Level 1.2 Armour
 + Level 3.1 Dodging


You had 3 spell levels left.
You didn't know any spells.
Your spell library was empty.

Dungeon Overview and Level Annotations

Branches:
Dungeon (2/15)

Altars:
Nemelex Xobeh


Innate Abilities, Weirdness & Mutations

You are immune to poison.
You have sharp fingernails.
Your flesh is cold resistant. (rC+)
You are immune to negative energy. (rN+++)
You do not regenerate when monsters are visible.
You are immune to unholy pain and torment.
You thrive by killing the living.


Message History

You see here a +0 war axe.
A gnoll comes into view. It is wielding a +0 club.
The gnoll shouts!
A gnoll comes into view. It is wielding a +0 club.
The gnoll shouts!
A gnoll comes into view. It is wielding a +0 flail.
The gnoll shouts!
A gnoll comes into view. It is wielding a +0 flail.
The gnoll shouts!
The gnoll hits you with a +0 club.
You hit the gnoll but do no damage. The gnoll closely misses you.
You hit the gnoll. You burn the gnoll.
The gnoll is lightly wounded.
You hit the gnoll. You burn the gnoll.
The gnoll is moderately wounded.
The gnoll hits you with a +0 club.
You barely miss the gnoll.
The gnoll is moderately wounded.
The gnoll misses you.
You hit the gnoll but do no damage.
The gnoll is moderately wounded.
The gnoll closely misses you. x2
You closely miss the gnoll.
The gnoll is moderately wounded.
The gnoll hits you with a +0 club.
You hit the gnoll. You burn the gnoll.
The gnoll is severely wounded.
The gnoll hits you with a +0 club.
You hit the gnoll. You burn the gnoll.
You kill the gnoll!
You feel better.
You completely miss the gnoll. The gnoll hits you with a +0 flail.
The gnoll closely misses you.
You barely miss the gnoll. The gnoll hits you with a +0 flail.
You closely miss the gnoll. The gnoll barely misses you.
You barely miss the gnoll. The gnoll hits you with a +0 flail!
* * * LOW HITPOINT WARNING * * *
The gnoll hits you with a +0 flail.
You die...
Your body disappears without a glow.

#..................>.......
###################........
#.......).................
#.#############...........
#.# #......##### #.#
#......# ###.#########
#......# #...........#
#......# ###########@#
###.#### #g# #.# #g#
#.######## #g# #.........
#)# ########## ... ...
..... ### #.....# ###.###
..


You could see 3 gnolls.

Vanquished Creatures
  An orc wizard (D:2)
  A gnoll (D:2)
  3 orcs (D:2)
  2 endoplasms
  3 giant cockroaches (D:1)
  3 goblins (D:1)
  2 hobgoblins
  A quokka (D:1)
  3 ball pythons
  3 bats (D:1)
  2 frilled lizards
  5 kobolds
  4 rats (D:1)
33 creatures vanquished.

Notes
Turn   | Place    | Note
-------+----------+-------------------------------------------
     0 | D:1      | Jane the Ghoul Gladiator began the quest for the Orb.
     0 | D:1      | Reached XP level 1. HP: 17/17 MP: 0/0
   167 | D:1      | Reached XP level 2. HP: 24/24 MP: 1/1
   522 | D:1      | Reached XP level 3. HP: 27/30 MP: 2/2
   756 | D:2      | Reached skill level 1 in Armour
   758 | D:2      | Reached XP level 4. HP: 22/37 MP: 1/3
   901 | D:2      | Found a sparkling altar of Nemelex Xobeh.
   909 | D:2      | Became a worshipper of Nemelex Xobeh the Trickster
  1191 | D:2      | Slain by a gnoll

Illustrated notes

Levels and vault maps discovered:
D:1:      saegor_arrival_simple_a, layout_rooms, minmay_cupped
D:2:      minmay_razor_zed, layout_basic, basic_altar, minivault_24

Skill      XL: |  1  2  3 |
---------------+----------+-----
Long Blades    | 3 |  3.5
Dodging        | 3 |  3.1
Armour         | 1 |  1.2
Fighting       | |  2.5
Axes           | |  0.3
Throwing       | |  1.8

Action                     |  1- 3 |  4- 6 || total
---------------------------+-------+-------++-------
  Melee: Long sword        |    88 |       ||    88
         Punch             |     2 |       ||     2
         Hand axe          |       |    25 ||    25
    Use: Potion            |     3 |     1 ||     4
         Scroll            |     2 |     4 ||     6
 Armour: Leather armour    |    33 |     1 ||    34
  Dodge: Dodged            |    66 |    17 ||    83

Table legend: (Time is in decaauts)
 A = Elapsed time spent in this place.
 B = Non-inter-level travel time spent in this place.
 C = Inter-level travel time spent in this place.
 D = Time resting spent in this place.
 E = Time spent auto-exploring this place.
 F = Levels seen in this place.
 G = Mean time per level.
                   A        B        C        D        E       F      G
               +--------+--------+--------+--------+--------+-----+--------+
         Total |   1205 |   1168 |     37 |     95 |    250 |   2 |  602.5 |
       Dungeon |   1205 |   1168 |     37 |     95 |    250 |   2 |  602.5 |
               +--------+--------+--------+--------+--------+-----+--------+

Top non-repeatable levels by time:
     D:1: 739 daAuts
     D:2: 465 daAuts
